 Dungeon Crawl Stone Soup version 0.30.1-3-gfc49f6343a (webtiles) character file.

Game seed: 4426876303331553114

428 CaptainMV the Chiller (level 6, -14/43 HPs)
             Began as a Demonspawn Wanderer on July 25, 2023.
             Was a Follower of Lugonu.
             Demolished by an ogre
             ... wielding a +0 giant spiked club
              (29 damage)
             ... on level 4 of the Dungeon.
             The game lasted 00:16:08 (1843 turns).

CaptainMV the Chiller (Demonspawn Wanderer)         Turns: 1843, Time: 00:16:09

Health: -14/43     AC: 12    Str: 19    XL:     6   Next: 65%
Magic:  0/10       EV: 10    Int: 15    God:    Lugonu [*.....]
Gold:   75         SH:  4    Dex: 14    Spells: 10/11 levels left

rFire   . . .        a - +0 spear
rCold   . . .        (no shield)
rNeg    . . .        c - +0 scale mail
rPois   .            (no helmet)
rElec   .            (no cloak)
rCorr   .            e - +0 pair of gloves
SInv    +            g - +0 pair of boots
Will    .....        (no amulet)
Stlth   +            h - +6 ring of strength
HPRegen 0.27/turn    i - ring of see invisible
MPRegen 0.12/turn

%: no passive effects
@: no status effects
A: thin skeletal structure 1, icemail 1, condensation shield
a: Renounce Religion, Depart the Abyss


You were on level 4 of the Dungeon.
You worshipped Lugonu.
Lugonu was aware of your devotion.
You visited 1 branch of the dungeon, and saw 3 of its levels.

You collected 75 gold pieces.

Inventory:

Hand Weapons
 a - a +0 spear (weapon)
 d - a +0 club
Missiles
 j - 2 poisoned darts (quivered)
Armour
 c - a +0 scale mail (worn)
 e - a +0 pair of gloves (worn)
 g - a +0 pair of boots (worn)
Jewellery
 h - a +6 ring of strength (left hand)
 i - a ring of see invisible (right hand)
Wands
 n - a wand of flame (21)
Scrolls
 b - a scroll of blinking
 k - a scroll of immolation {unknown}
 m - a scroll of teleportation
 o - a scroll of fog {unknown}
Potions
 f - 2 potions of curing
 l - a potion of ambrosia {unknown}


   Skills:
 + Level 1.3 Fighting
 + Level 2.3 Polearms
 + Level 2.7 Armour
 + Level 1.4 Dodging
 + Level 0.5 Shields
 + Level 3.3 Spellcasting
 + Level 2.1 Hexes
 + Level 4.3 Ice Magic
 + Level 1.0 Evocations


You had 10 spell levels left.
You knew the following spells:

 Your Spells              Type           Power      Damage    Failure   Level
a - Freeze                Ice            60%        1d7       10%         1

Your spell library contained the following spells:

 Spells                   Type           Power      Damage    Failure   Level
 Slow                     Hex            32%        N/A       24%         1
 Ozocubu's Armour         Ice            15%        N/A       28%         3
 Summon Guardian Golem    Hex/Summ       5%         N/A       75%         3
 Summon Ice Beast         Ice/Summ       9%         N/A       93%         4


Dungeon Overview and Level Annotations

Branches:
Dungeon (4/15)
 Temple: D:4-7

Altars:
Yredelemnul
Lugonu


Innate Abilities, Weirdness & Mutations

You have a somewhat thin skeletal structure. (Dex +2, Stealth+)
A meltable icy envelope protects you from harm. (AC +4)
A meltable shield of frost defends you. (SH +4)


Message History

Your magical contamination has completely faded away.
You barely miss the ogre. The ogre closely misses you. The phantom misses you.
You hit the ogre.
The ogre is moderately wounded.
The phantom barely misses you. The ogre barely misses you.
You barely miss the ogre.
The ogre is lightly wounded.
The phantom closely misses you.
You hit the ogre.
The ogre is moderately wounded.
The ogre closely misses you.
The phantom hits you but does no damage.
You hit the ogre.
The ogre is moderately wounded.
The phantom hits you but does no damage.
You block the ogre's attack.
Casting: Freeze (safe; 10% risk of failure)
Confirm with . or Enter, or press ? or * to list all spells.
Aiming: Freeze (safe; 10% risk of failure)
Press: ? - help, Shift-Dir - straight line, f - ogre
Aim: an ogre, wielding a +0 giant spiked club (moderately wounded)
You freeze the ogre.
The ogre is heavily wounded.
The phantom misses you.
You hit the ogre.
The ogre is heavily wounded.
The ogre hits you with a +0 giant spiked club!!
Ouch! That really hurt!
The phantom hits you but does no damage.
You hit the ogre.
The ogre is severely wounded.
The phantom barely misses you. The ogre closely misses you.
You hit the ogre.
The ogre is severely wounded.
You block the phantom's attack.
You barely miss the ogre.
The ogre is severely wounded.
The ogre hits you with a +0 giant spiked club!!
Ouch! That really hurt!
You die...

....##### ....# #
)...# ## #. # #
##..# #. ..##.##
..# #.## ..... ....
#... #)## ..###
#..# #. #... .#
#####..###. ####
#.....@..#. #
#.###WO#.#. # .....
.. # ######.#.#
.......############
#....).........
###############


You could see an ogre and a phantom.

Vanquished Creatures
  Edmund (D:4)
  A black bear (D:4)
  An ogre (D:4)
  A phantom (D:4)
  2 adders
  2 worms
  3 dart slugs
  5 ball pythons
  5 goblins
  A hobgoblin (D:2)
  2 jackals (D:4)
  2 bats (D:1)
  5 kobolds
  3 rats (D:1)
34 creatures vanquished.

Notes
Turn   | Place    | Note
-------+----------+-------------------------------------------
     0 | D:1      | CaptainMV the Demonspawn Wanderer began the quest for the
                  | Orb.
     0 | D:1      | CaptainMV set off with the following items: a +0 club, a
                  | scroll of blinking, a +0 scale mail; and the following
                  | spells available to memorise: Freeze, Slow, Ozocubu's
                  | Armour, Summon Guardian Golem, Summon Ice Beast.
     0 | D:1      | Reached XP level 1. HP: 13/13 MP: 2/2
     2 | D:1      | Learned a level 1 spell: Freeze
    23 | D:1      | Found a faded altar of an unknown god.
    26 | D:1      | Prayed at the altar of an unknown god.
    26 | D:1      | Became a worshipper of Lugonu the Unformed
    26 | D:1      | Reached * piety under Lugonu
    92 | D:1      | Reached skill level 3 in Ice Magic
   200 | D:1      | Gained mutation: A meltable shield of frost defends you.
                  | (SH +4) [demonic ancestry]
   200 | D:1      | Reached XP level 2. HP: 17/19 MP: 0/3
  1180 | D:2      | Gained mutation: A meltable icy envelope protects you from
                  | harm. (AC +4) [demonic ancestry]
  1180 | D:2      | Reached XP level 3. HP: 24/24 MP: 0/5
  1216 | D:2      | You fall into a shaft and drop 2 floors!
  1226 | D:4      | Noticed a phantom
  1250 | D:4      | Killed a phantom
  1251 | D:4      | Reached skill level 1 in Polearms
  1251 | D:4      | Reached XP level 4. HP: 19/31 MP: 1/7
  1254 | D:4      | Noticed an ogre
  1288 | D:4      | Killed an ogre
  1289 | D:4      | Gained mutation: You have a somewhat thin skeletal
                  | structure. (Dex +2, Stealth+) [demonic ancestry]
  1289 | D:4      | Reached XP level 5. HP: 3/36 MP: 1/8
  1423 | D:4      | Noticed a black bear
  1435 | D:4      | Killed a black bear
  1436 | D:4      | Reached skill level 1 in Fighting
  1436 | D:4      | Reached skill level 4 in Ice Magic
  1436 | D:4      | Reached XP level 6. HP: 32/43 MP: 0/10
  1499 | D:4      | Noticed Edmund
  1520 | D:4      | HP: 2/43 [Edmund/+2 flail of holy wrath (3)]
  1526 | D:4      | Killed Edmund
  1596 | D:4      | Found a basalt altar of Yredelemnul.
  1843 | D:4      | Demolished by an ogre

Illustrated notes

Levels and vault maps discovered:
D:1:      evilmike_arrival_crescent, layout_basic,
          hellmonk_ecumenical_altar_run_dry
D:2:      layout_loops_ring
D:4:      layout_loops_ring, lemuel_coloured_pillars_altar, serial_shops, shop,
          uniq_edmund

Skill      XL: |  1  2  3  4  5  6 |
---------------+-------------------+-----
Ice Magic      | 3 4 |  4.3
Armour         | 2 |  2.7
Spellcasting   | 2 3 |  3.3
Polearms       | 1 2 |  2.3
Fighting       | 1 |  1.3
Dodging        | |  1.4
Shields        | |  0.5
Hexes          | |  2.1
Evocations     | |  1.0

Action                     |  1- 3 |  4- 6 || total
---------------------------+-------+-------++-------
  Melee: Spear             |    68 |    42 ||   110
         Punch             |       |     3 ||     3
   Cast: Freeze            |    18 |    37 ||    55
    Use: Scroll            |     3 |     1 ||     4
         Potion            |       |     2 ||     2
 Armour: Scale mail        |    29 |    26 ||    55
  Dodge: Dodged            |    33 |    30 ||    63
  Block: Other             |    10 |    11 ||    21
